Map: Abiogênese LE

Players

IagoAbreu

  • Race: Zerg Zerg
  • League: Gold
  • Spawn Location: 11:00

Slaughter - Winner!

  • Race: Zerg Zerg
  • League: Silver
  • Spawn Location: 5:00

VOD

Have the link to the VOD?

Description

Time

  • Played on: May 6, 2018, 6:07 p.m.
  • Length: 15:39
Show
View Real Time Build Order
Export as new Build Order

IagoAbreu Zerg 

Build Orders: Pool First 

Get SALT Encoding   

  12  0:01  Drone  
  13  0:08  Drone  
  14  0:15  Extractor  
  14  0:19  Overlord  
  13  0:27  Drone  
  14  0:39  Drone x2  
  16  0:45  Drone  
  17  0:56  Spawning Pool  
  16  0:59  Drone  
  17  1:06  Drone  
  18  1:17  Drone  
  19  1:36  Hatchery  
  19  1:38  Drone  
  19  1:46  Queen  
  21  1:54  Drone  
  22  1:57  Overlord  
  22  2:11  Evolution Chamber  
  22  2:12  Overlord  
  21  2:32  Zergling x4  
  25  2:42  Metabolic Boost  
  25  2:43  Zerg Melee Weapons Level 1  
  23  2:52  Queen  
  26  2:58  Zergling x6  
  26  2:59  Zergling x4  
  26  3:00  Zergling x2  
  31  3:13  Drone x3  
  35  3:34  Zergling x4  
  35  3:39  Overlord x2  
  28  4:10  Zergling x12  
  28  4:11  Zergling x10  
  39  4:19  Lair  
  39  4:35  Zergling x8  
  39  4:36  Zergling x8  
  39  4:37  Zergling x4  
  49  4:45  Overlord  
  49  5:07  Drone x2  
  49  5:08  Drone x7  
  58  5:25  Pneumatized Carapace  
  58  5:39  Zergling x4  
  60  5:45  Overlord x2  
  60  6:01  Zerg Melee Weapons Level 2  
  51  6:36  Zergling x6  
  51  6:37  Zergling x14  
  51  6:38  Zergling x4  
  52  6:52  Drone x3  
  51  7:01  Queen x2  
  50  7:03  Hydralisk Den  
  50  7:06  Hatchery  
  51  7:24  Zergling x2  
  51  7:25  Zergling x14  
  51  7:26  Zergling x4  
  51  7:45  Hydralisk  
  51  7:46  Hydralisk x2  
  56  8:13  Hatchery  
  56  8:15  Hydralisk Den  
  54  8:43  Drone x2, Extractor  
  54  8:44  Drone  
  54  8:46  Hydralisk x4  
  54  8:47  Hydralisk x2  
  68  9:23  Overlord x2  
  68  9:24  Hydralisk  
  70  9:47  Extractor  
  70  9:49  Extractor  
  68  9:57  Hydralisk x2  
  68  9:58  Zergling x2  
  68  9:59  Zergling x12  
  80  10:00  Zergling x12  
  80  10:01  Zergling x12  
  91  10:09  Zerg Missile Weapons Level 1  
  91  10:19  Drone x2  
  91  10:20  Drone x4  
  97  10:21  Drone x2  
  97  10:26  Hydralisk x2  
  93  10:46  Muscular Augments  
  89  10:53  Hydralisk  
  89  10:54  Hydralisk x3  
  89  10:55  Hydralisk  
  89  10:56  Zergling x8  
  89  10:57  Zergling x8  
  102  11:14  Overlord x3  
  102  11:32  Queen  
  104  11:53  Hydralisk x7  
  104  11:54  Hydralisk x4  
  126  12:45  Zerg Missile Weapons Level 2  
  126  12:55  Zergling x2  
  126  12:57  Overlord x6  
  103  13:20  Zergling x8  
  103  13:21  Zergling x22  
  103  13:22  Zergling x2  
  113  13:32  Overseer  
  104  13:46  Hydralisk x3  
  82  14:37  Overseer  
  80  14:39  Zergling x2  
  80  14:40  Zergling x10  
Show
View Real Time Build Order
Export as new Build Order

Slaughter Zerg - Winner!

Build Orders: Pool First, Lurkers 

Get SALT Encoding   

  12  0:01  Drone  
  13  0:10  Drone  
  14  0:18  Overlord  
  14  0:35  Spawning Pool  
  13  0:37  Drone  
  13  0:41  Drone  
  15  1:14  Hatchery  
  14  1:19  Drone  
  14  1:21  Queen  
  14  1:24  Zergling x2  
  18  1:51  Zergling x6  
  21  1:55  Extractor  
  21  1:57  Queen  
  22  2:25  Overlord x2  
  22  2:32  Drone  
  23  2:41  Queen  
  25  2:47  Drone x2  
  27  2:58  Metabolic Boost  
  27  3:05  Drone x3  
  30  3:22  Roach Warren  
  30  3:23  Drone x2  
  30  3:24  Drone  
  30  3:25  Zergling x4  
  34  3:31  Drone x2  
  33  3:57  Spine Crawler  
  32  4:07  Drone x3  
  32  4:09  Zergling x4  
  38  4:10  Zergling x2  
  38  4:15  Lair  
  38  4:21  Evolution Chamber  
  38  4:22  Roach  
  38  4:24  Drone x2  
  41  4:40  Roach  
  43  4:59  Drone, Extractor  
  43  5:00  Overlord  
  43  5:03  Overlord x2  
  43  5:22  Roach x3  
  43  5:28  Spine Crawler  
  48  5:35  Glial Reconstitution  
  48  5:37  Roach x3  
  54  5:49  Drone x2  
  56  6:03  Zerg Missile Weapons Level 1  
  56  6:04  Roach x2  
  56  6:05  Roach  
  62  6:19  Extractor  
  41  6:49  Roach x4  
  41  6:51  Roach x2  
  41  6:52  Roach x4  
  50  7:39  Drone  
  50  7:40  Drone x5  
  56  7:54  Hydralisk Den  
  41  8:09  Drone x4  
  45  8:14  Roach x3  
  45  8:17  Queen  
  53  8:28  Overlord  
  53  8:36  Hydralisk  
  53  8:39  Hydralisk  
  57  8:48  Hydralisk  
  59  8:57  Drone  
  59  8:58  Drone x2  
  62  9:13  Overlord x3  
  62  9:36  Lurker Den  
  62  9:37  Burrow  
  61  9:38  Hydralisk x2  
  61  9:42  Drone x3  
  61  9:43  Drone x2  
  70  9:57  Roach x3  
  70  9:58  Roach x3  
  82  10:15  Muscular Augments  
  82  10:20  Drone x2, Extractor  
  82  10:21  Drone  
  84  10:25  Overlord x2  
  74  10:53  Hydralisk x6  
  70  11:10  Lurker x2  
  72  11:55  Spire  
  72  11:59  Zergling x6  
  72  12:00  Zergling x2  
  72  12:01  Zergling x4  
  77  12:11  Lurker x2  
  77  12:14  Hydralisk  
  77  12:15  Hydralisk x2  
  85  12:19  Hydralisk x2  
  85  12:20  Hydralisk  
  85  13:50  Hydralisk x5  
  95  13:57  Mutalisk x2  
  69  14:40  Hatchery  
  66  14:58  Spawning Pool  
  45  15:27  Hatchery  
Tags
 
Composition
Lurkers
Matchup
ZvZ
Race
Zerg
Spawn Locations
Cross Positions
Add a new tag
Caveats
  • Supply blocks, unpowered buildings, or Contaminate may cause inaccurate times.
  • Supply counts are checked every 10 seconds.